 Dungeon Crawl Stone Soup version 0.30-a0-800-g7c544603b3 (webtiles) character file.

Game seed: 13982959665234097935

109 Juicyj the Trooper (level 4, -3/41 HPs)
             Began as a Minotaur Fighter on Feb 21, 2023.
             Killed by nerve-wracking pain
             ... invoked by Grinder
              (9 damage)
             ... on level 3 of the Dungeon.
             The game lasted 00:03:27 (2449 turns).

Juicyj the Trooper (Minotaur Fighter)               Turns: 2449, Time: 00:03:27

Health: -3/41      AC:  8    Str: 20    XL:     4   Next: 60%
Magic:  3/3        EV:  9    Int:  5    God:
Gold:   203        SH:  5    Dex: 12    Spells: 3/3 levels left

rFire   . . .      SeeInvis .    a - +0 long sword
rCold   . . .      Faith    .    c - +0 buckler
rNeg    . . .      Spirit   .    b - +1 scale mail
rPois   .          Reflect  .    (helmet restricted)
rElec   .          Harm     .    (no cloak)
rCorr   .          Rampage  .    (no gloves)
Will    .....                    (no boots) Stlth
                                 (no amulet)
HPRegen 0.26/turn                (no ring)
MPRegen 0.08/turn                (no ring)

@: no status effects
A: horns 2, retaliatory headbutt
a: no special abilities


You were on level 3 of the Dungeon.
You visited 1 branch of the dungeon, and saw 3 of its levels.

You collected 203 gold pieces.

Inventory:

Hand Weapons
 a - a +0 long sword (weapon)
 v - a +1 heavy mace
Missiles
 x - 8 poisoned darts (quivered)
Armour
 b - a +1 scale mail (worn)
 c - a +0 buckler (worn)
Jewellery
 i - a ring of ice
 l - a +5 ring of evasion
 t - an amulet of the acrobat
Scrolls
 e - a scroll of identify
 g - a scroll of silence
 s - a scroll of teleportation
Potions
 d - a potion of might
 f - a potion of degeneration


   Skills:
 + Level 4.5 Fighting
 + Level 3.5 Long Blades
 + Level 0.6 Throwing
 + Level 4.5 Armour
 + Level 4.4 Shields


You had 3 spell levels left.
You didn't know any spells.
Your spell library contained the following spells:

 Spells                   Type           Power      Damage    Failure   Level
 Summon Guardian Golem    Hex/Summ       0%         N/A       99%         3
 Conjure Ball Lightning   Conj/Air       0%         3x3d6     100%        6
 Orb of Destruction       Conj           0%         9d5       100%        7
 Spellforged Servitor     Conj/Summ      0%         N/A       100%        7
 Discord                  Hex            0%         N/A       100%        8
 Disjunction              Tloc           0%         N/A       100%        8


Dungeon Overview and Level Annotations

Branches:
Dungeon (3/15)

Altars:
Vehumet

Annotations:
D:3 Grinder


Innate Abilities, Weirdness & Mutations

You have a pair of horns on your head.
You reflexively headbutt those who attack you in melee.


Message History

You barely miss Grinder.
Grinder is lightly wounded.
Grinder misses you. You furiously retaliate!
You headbutt Grinder. You hit Grinder.
Grinder is moderately wounded.
Grinder gestures at you.
You barely resist. Grinder closely misses you.
You barely miss Grinder. Your headbutt misses Grinder.
Grinder is moderately wounded.
Grinder barely misses you.
You hit Grinder. Your headbutt misses Grinder.
Grinder is moderately wounded.
Grinder closely misses you. You furiously retaliate!
You headbutt Grinder. You hit Grinder but do no damage.
Grinder is heavily wounded.
Grinder says, "Wait up."
Grinder hits you but does no damage.
You barely miss Grinder.
Grinder is heavily wounded.
You block Grinder's attack. Grinder gestures at you.
Pain shoots through your body!
You slash Grinder! You headbutt Grinder.
Grinder is almost dead.
Grinder gestures at you.
You suddenly lose the ability to move!
Grinder gestures at you. Pain shoots through your body! Grinder hits you.
You writhe in agony.
Grinder hits you.
* * * LOW HITPOINT WARNING * * *
You writhe in agony.
* * * LOW HITPOINT WARNING * * *
You can move again.
You are too injured to fight recklessly!
You hit Grinder.
Grinder is almost dead.
Grinder gestures at you. Pain shoots through your body!
You die...

# # # #.# # #.# . #.#
# #.# .##.# # #.#
...# # #.# #..# ###
#.#####..### ..##
#.##.......#
.<.#######......@.#.
...............5....+
...##########....##.#
..## #....# .# ...#
#.#### # .#.# #.#
##.# #.# ##.# #..
##.# .#


You could see Grinder.

Vanquished Creatures
  2 adders (D:2)
  4 gnolls (D:3)
  A dart slug (D:1)
  8 ball pythons
  7 endoplasms
  4 goblins
  6 hobgoblins
  4 jackals (D:1)
  2 quokkas (D:1)
  3 bats
  3 frilled lizards
  3 kobolds
47 creatures vanquished.

Notes
Turn   | Place    | Note
-------+----------+-------------------------------------------
     0 | D:1      | Juicyj the Minotaur Fighter began the quest for the Orb.
     0 | D:1      | Reached XP level 1. HP: 19/19 MP: 0/0
   291 | D:1      | Reached XP level 2. HP: 27/27 MP: 1/1
   994 | D:2      | Reached XP level 3. HP: 33/33 MP: 2/2
  1539 | D:2      | Reached XP level 4. HP: 40/40 MP: 3/3
  1879 | D:3      | Found a faded altar of an unknown god.
  2278 | D:3      | Found a radiant altar of Vehumet.
  2430 | D:3      | Noticed Grinder
  2445 | D:3      | Paralysed by Grinder for 4 turns
  2449 | D:3      | Killed from afar by Grinder

Illustrated notes

Levels and vault maps discovered:
D:1:      scummos_arrival_checkerplants, layout_basic, corner_web_ring,
          minivault_14
D:2:      minmay_alternating_diamond, layout_basic, minmay_pentomino_q2
D:3:      layout_loops_corners, amcnicky_altar_gilded,
          ebering_ecumenical_altar_box, minmay_starry_boxes, uniq_grinder

Skill      XL: |  1  2 |
---------------+-------+-----
Armour         | 4 |  4.5
Shields        | 4 |  4.4
Fighting       | 4 |  4.5
Long Blades    | 3 |  3.5
Throwing       | |  0.6

Action                     |  1- 3 |  4- 6 || total
---------------------------+-------+-------++-------
  Melee: Long sword        |   105 |    21 ||   126
         Headbutt          |    13 |     5 ||    18
    Use: Scroll            |       |     8 ||     8
         Potion            |       |     7 ||     7
 Armour: Scale mail        |    46 |     6 ||    52
  Dodge: Dodged            |    51 |    16 ||    67
  Block: Buckler           |    25 |     2 ||    27

Table legend: (Time is in decaauts)
 A = Elapsed time spent in this place.
 B = Non-inter-level travel time spent in this place.
 C = Inter-level travel time spent in this place.
 D = Time resting spent in this place.
 E = Time spent auto-exploring this place.
 F = Levels seen in this place.
 G = Mean time per level.
                   A        B        C        D        E       F      G
               +--------+--------+--------+--------+--------+-----+--------+
         Total |   2482 |   2454 |     28 |    646 |   1436 |   3 |  827.3 |
       Dungeon |   2482 |   2454 |     28 |    646 |   1436 |   3 |  827.3 |
               +--------+--------+--------+--------+--------+-----+--------+

Top non-repeatable levels by time:
     D:1: 1006 daAuts
     D:2: 745 daAuts
     D:3: 731 daAuts
